 Dungeon Crawl Stone Soup version 0.28-a0-834-g1a73be5ee4 (webtiles) character file.

Game seed: 9266868754454736140

551 Essalna the Firebug (level 7, 28/46 HPs)
             Began as a Demonspawn Fire Elementalist on Nov 11, 2021.
             Got out of the dungeon alive.
             The game lasted 00:09:43 (5534 turns).

Essalna the Firebug (Demonspawn Fire Elementalist)  Turns: 5534, Time: 00:09:43

Health: 28/46      AC:  5    Str:  9    XL:     7   Next: 7%
Magic:  13/13      EV: 11    Int: 18    God:
Gold:   221        SH:  4    Dex: 13    Spells: 11/14 levels left

rFire   . . .      SeeInvis .   b - +1 dagger (vorpal)
rCold   . . .      Faith    .   j - +0 buckler
rNeg    + . .      Spirit   .   a - +0 robe
rPois   .          Reflect  .   r - +0 helmet
rElec   .          Harm     .   (no cloak)
rCorr   .          Rampage  .   (no gloves)
Will    .....                   (no boots)
Stlth   ++........              (no amulet)
HPRegen 0.15/turn               k - ring of positive energy
MPRegen 0.13/turn               (no ring)

@: no status effects
A: icy blue scales 1, demonic touch 1
a: no special abilities


You escaped.
You visited 1 branch of the dungeon, and saw 4 of its levels.

You collected 221 gold pieces.

Inventory:

Hand Weapons
 b - a +1 vorpal dagger (weapon)
Armour
 a - a +0 robe (worn)
 j - a +0 buckler (worn)
 r - a +0 helmet (worn)
Magical Staves
 e - a staff of earth
 q - a staff of death
Jewellery
 h - an amulet of faith
 k - a ring of positive energy (left hand)
 n - a ring of flight
Wands
 p - a wand of polymorph (7)
Scrolls
 c - a scroll of immolation
 l - a scroll of teleportation {unknown}
 m - a scroll of fear {unknown}
 t - a scroll of holy word {unknown}
Potions
 d - 3 potions of attraction
 g - a potion of magic {unknown}
 i - 2 potions of cancellation {unknown}
 o - a potion of lignification {unknown}
 s - 2 potions of curing {unknown}


   Skills:
 - Level 1.7 Dodging
 - Level 1.7 Stealth
 + Level 2.5 Shields
 + Level 4.0 Spellcasting
 + Level 3.9 Conjurations
 + Level 4.5 Fire Magic


You had 11 spell levels left.
You knew the following spells:

 Your Spells              Type           Power      Damage    Failure   Level
a - Foxfire               Conj/Fire      72%        2x1d7     3%          1
b - Scorch                Fire           38%        2d7       4%          2

Your spell library contained the following spells:

 Spells                   Type           Power      Damage    Failure   Level
 Conjure Flame            Conj/Fire      18%        6-21      10%         3
 Inner Flame              Hex/Fire       11%        N/A       21%         3
 Flame Wave               Conj/Fire      18%        3d5       30%         4


Dungeon Overview and Level Annotations

Branches:
Dungeon (4/15)
 Temple: D:4-7

Altars:
Trog

Shops:
D:3 [


Innate Abilities, Weirdness & Mutations

You are partially covered in icy blue scales. (AC +2)
Your touch may inflict minor irresistible damage on your foes.


Message History

Edmund stings you but does no damage. Edmund stings you.
You are poisoned.
Edmund poisons you!
You feel very sick.
You feel very sick.
It was a potion of might.
You feel very mighty all of a sudden.
You feel sick. Edmund barely misses you.
You completely miss Edmund.
You feel sick. You block Edmund's attack.
You puncture Edmund!
Edmund is heavily wounded.
You feel sick. Edmund barely misses you. x2
You puncture Edmund!
You kill Edmund!
You feel sick.
Your Spellcasting skill increases to level 4!
You have reached level 7!
Your demonic ancestry asserts itself...
Your hands begin to faintly glow with unholy energy.
Sorry, you're not good enough to have a special ability.
You feel sick.
You feel sick.
You feel sick.
You are no longer poisoned.
There is an escape hatch in the ceiling here.
A mysterious force pulls you upwards. The hatch slams shut behind you.
You feel a little less mighty now.
There is an open door here.
Magic restored.
There is an escape hatch in the ceiling here.
A mysterious force pulls you upwards. The hatch slams shut behind you.
There is a stone staircase leading up here.
You climb upwards.
There is a stone staircase leading down here.
There is an open door here.
You see here a +0 dagger.
There is a staircase leading out of the dungeon here.
Are you sure you want to leave the Dungeon?
This will make you lose the game!
You have escaped!

#..###############.##.#.#..
##.#####.....#####..#.#.#..
#.#...#.....#...#..#.#.#..
#.#.8.#.....#.8.#..#.#.#..
#.#...#.....#...##.#.#.#..
##
#.#####.....#####..#.#.#..
.#
#.......[..........#.#.#..
.#
#..................#.#.#..
.#
#........@...........#.###
.# #..................###.#
.#
#....................#'###
.#
#.#####.....#####.#.......
.#
#.#...#.....#...#.#.......
.#
#.#.8.#.....#.8.#.........
.#
#.#...#.....#...##........
##
#.#####.....######.###'###
# #.............####†# #.#


There were no monsters in sight!

Vanquished Creatures
  A water moccasin (D:4)
  An ogre (D:4)
  A scorpion (D:4)
  A jelly (D:4)
  A hound (D:4)
  A centaur skeleton (D:4)
  Jessica (D:2)
  2 iguanas
  A scorpion zombie (D:4)
  4 adders
  An ufetubus (D:4)
  2 worms
  A dart slug (D:3)
  9 ball pythons
  7 endoplasms
  3 giant cockroaches (D:1)
  6 goblins
  6 hobgoblins
  8 kobolds
  4 bats
  5 frilled lizards
  7 rats
73 creatures vanquished.

Vanquished Creatures (others)
  351 foxfires
351 creatures vanquished.

Grand Total: 424 creatures vanquished

Notes
Turn   | Place    | Note
-------+----------+-------------------------------------------
     0 | D:1      | Essalna the Demonspawn Fire Elementalist began the quest
                  | for the Orb.
     0 | D:1      | Reached XP level 1. HP: 13/13 MP: 3/3
   325 | D:1      | Gained mutation: You are partially covered in icy blue
                  | scales. (AC +2) [demonic ancestry]
   325 | D:1      | Reached XP level 2. HP: 19/19 MP: 5/5
   656 | D:1      | Found a faded altar of an unknown god.
  1581 | D:2      | Reached XP level 3. HP: 24/24 MP: 2/6
  1661 | D:2      | Found a bloodstained altar of Trog.
  1982 | D:2      | Noticed Jessica
  1988 | D:2      | Killed Jessica
  2378 | D:3      | Found Ymaism's Antique Armour Boutique.
  2385 | D:3      | Reached XP level 4. HP: 30/30 MP: 3/8
  3808 | D:4      | Noticed a water moccasin
  3821 | D:4      | Killed a water moccasin
  3822 | D:4      | Reached skill level 1 in Shields
  3822 | D:4      | Reached XP level 5. HP: 11/35 MP: 0/9
  4140 | D:4      | Noticed an ogre
  4147 | D:4      | Noticed Edmund
  4150 | D:4      | Killed an ogre
  4151 | D:4      | Reached XP level 6. HP: 29/41 MP: 2/11
  4400 | D:4      | Learned a level 2 spell: Scorch
  5387 | D:4      | Noticed Edmund
  5387 | D:4      | Edmund changed into Edmund the scorpion
  5406 | D:4      | Killed Edmund the scorpion
  5407 | D:4      | Gained mutation: Your touch may inflict minor irresistible
                  | damage on your foes. [demonic ancestry]
  5407 | D:4      | Reached XP level 7. HP: 12/46 MP: 3/13
  5534 | D:$      | Got out of the dungeon alive.

Illustrated notes

Levels and vault maps discovered:
D:1:      minmay_arrival_glassed_features, layout_basic,
          ebering_ecumenical_altar_mist
D:2:      layout_rooms, basic_altar, uniq_jessica
D:3:      layout_basic, serial_shops, nicolae_square_shop
D:4:      layout_rooms, minmay_starry_boxes, uniq_edmund

Skill      XL: |  1  2  3  4  5  6 |
---------------+-------------------+-----
Fire Magic     | 3 4 |  4.5
Conjurations   | 2 3 |  3.9
Shields        | 1 2 |  2.5
Spellcasting   | 3 4 |  4.0
Dodging        | |  1.7
Stealth        | |  1.7

Action                   |  1- 3 |  4- 6 |  7- 9 || total
-------------------------+-------+-------+-------++-------
Melee: Unarmed           |    10 |       |       ||    10
       Dagger            |    27 |    40 |       ||    67
 Cast: Foxfire           |    93 |   115 |       ||   208
       Scorch            |       |     8 |       ||     8
Evoke: Wand              |       |     3 |       ||     3
  Use: Scroll            |       |     5 |       ||     5
       Potion            |       |     1 |       ||     1
 Stab: Sleeping          |     1 |       |       ||     1
Armor: Robe              |     4 |    15 |       ||    19
Dodge: Dodged            |    25 |    35 |       ||    60
Block: Buckler           |       |     7 |       ||     7

Table legend: (Time is in decaauts)
 A = Elapsed time spent in this place.
 B = Non-inter-level travel time spent in this place.
 C = Inter-level travel time spent in this place.
 D = Time resting spent in this place.
 E = Time spent auto-exploring this place.
 F = Levels seen in this place.
 G = Mean time per level.
                   A        B        C        D        E       F      G
               +--------+--------+--------+--------+--------+-----+--------+
         Total |   5539 |   5182 |    357 |      0 |   4536 |   4 | 1384.8 |
       Dungeon |   5539 |   5182 |    357 |      0 |   4536 |   4 | 1384.8 |
               +--------+--------+--------+--------+--------+-----+--------+

Top non-repeatable levels by time:
     D:3: 1744 daAuts
     D:1: 1519 daAuts
     D:4: 1401 daAuts
     D:2: 874 daAuts
